 Dungeon Crawl Stone Soup version 0.29.0-11-gd7f09526c8 (webtiles) character file.

Game seed: 4648668727285429301

982 sanka the Grappler (level 7, -3/48 (58) HPs)
             Began as a Yellow Draconian Monk on Sept 4, 2022.
             Was a Believer of Ashenzari.
             Slain by Edmund
             ... wielding a +3 dire flail of draining
              (8 damage)
             ... on level 5 of the Dungeon.
             The game lasted 00:06:59 (4231 turns).

sanka the Grappler (Yellow Draconian Monk)          Turns: 4231, Time: 00:06:59

HP:   -3/48 (58)    AC:  9    Str: 14    XL:     7   Next: 96%
MP:   9/9           EV: 13    Int: 12    God:    Ashenzari [**....]
Gold: 224           SH:  0    Dex: 13    Spells: 8/8 levels left

rFire   + . .      SeeInvis +     - Unarmed
rCold   x . .      Faith    .   (no shield)
rNeg    . . .      Spirit   .   (body armour unavailable)
rPois   .          Reflect  .   e - +2 hat "Profound Discomfort" {Melee, Bglg} (curse)
rElec   .          Harm     .   (no cloak)
rCorr   +          Rampage  .   (no gloves)
Will    .....                   v - +0 pair of boots of Ashenzari's Anxiety {Melee, Elem} (curse)
Stlth   ++........              (no amulet)
HPRegen 0.16/turn               m - ring "Ensconced Together" {Fire, Melee, Cun} (curse)
MPRegen 0.11/turn               (no ring)

@: short of breath, heavily drained
A: spit acid, AC +6, unfitting armour, cold-blooded, acid resistance
a: Breathe Acid, Renounce Religion, Shatter the Chains


You were on level 5 of the Dungeon.
You worshipped Ashenzari.
Ashenzari was pleased with you.
You visited 1 branch of the dungeon, and saw 5 of its levels.
You also visited: Sewer.

You collected 224 gold pieces.


Innate Abilities, Weirdness & Mutations

You can spit globs of acid.
Your golden yellow scales are hard. (AC +6)
You cannot fit into any form of body armour.
You are cold-blooded and may be slowed by cold attacks.
You are resistant to acid. (rCorr)


   Skills:
 + Level 3.9 Fighting
 + Level 3.2(4.3) Dodging
 - Level 1.7(2.6) Stealth
 - Level 8.6(11.2) Unarmed Combat
 + Level 1.3 Spellcasting
 * Level 2.4 Transmutations


You had 8 spell levels left.
You didn't know any spells.
Your spell library contained the following spells:

 Spells                   Type           Power      Damage    Failure   Level
 Passwall                 Tmut/Erth      2%         N/A       26%         2
 Blink                    Tloc           2%         N/A       38%         2
 Ensorcelled Hibernation  Hex/Ice        2%         N/A       38%         2
 Swiftness                Air            1%         N/A       63%         3
 Olgreb's Toxic Radiance  Pois           0%         N/A       96%         4
 Blade Hands              Tmut           3%         N/A       96%         5
 Irradiate                Conj/Tmut      1%         3d12      99%         5
 Manifold Assault         Tloc           1%         N/A       100%        5
 Dragon Form              Tmut           3%         N/A       100%        7
 Ozocubu's Refrigeration  Ice            0%         4d7       100%        7
 Storm Form               Tmut/Air       1%         N/A       100%        7
 Ignition                 Fire           0%         3d3       100%        8

Inventory:

Missiles
 g - 8 silver javelins
 k - 5 javelins (quivered)
Armour
 e - the cursed +2 hat "Profound Discomfort" (worn) {Melee, Bglg}

   It has a curse which improves the following skills: Melee Combat: Short
   Blades, Long Blades, Axes, Maces & Flails, Polearms, Staves and Unarmed
   Combat.
   Beguiling: Conjurations, Hexes and Translocations.
 v - the cursed +0 pair of boots of Ashenzari's Anxiety (worn) {Melee, Elem}

   It has a curse which improves the following skills: Melee Combat: Short
   Blades, Long Blades, Axes, Maces & Flails, Polearms, Staves and Unarmed
   Combat.
   Elements:  Fire Magic, Ice Magic, Air Magic and Earth Magic.
Jewellery
 m - the cursed ring "Ensconced Together" (left hand) {Fire, Melee, Cun}

   [ring of fire]

   It enhances your fire magic.
   rF:        It protects you from fire.
   rC:        It makes you vulnerable to cold.
   It has a curse which improves the following skills: Melee Combat: Short
   Blades, Long Blades, Axes, Maces & Flails, Polearms, Staves and Unarmed
   Combat.
   Cunning:   Dodging and Stealth.
Wands
 x - a wand of charming (3)
Scrolls
 b - a scroll of magic mapping
 c - 2 scrolls of noise {!r}
 d - 3 scrolls of immolation {!r}
 f - a scroll of enchant weapon
 j - a scroll of enchant armour
 o - a scroll of silence {!r}
 p - 3 scrolls of blinking
 q - a scroll of summoning
 r - a scroll of brand weapon
 t - a scroll of vulnerability {!r}
 u - 5 scrolls of identify {@r1}
 w - a scroll of teleportation {@r4}
Potions
 a - 3 potions of ambrosia
 h - 2 potions of invisibility
 i - 2 potions of resistance
 l - 2 potions of might
 n - 5 potions of curing {@q1}
 s - a potion of magic

Dungeon Overview and Level Annotations

Branches:
Dungeon (5/15)             Temple (0/1) D:5           Sewer (visited)

Altars:
Ashenzari
Elyvilon

Annotations:
D:4 2 transporters, 3 runed translucent doors, AmberJosephineLiu's ghost, amateur MeFE
D:5 Edmund

░ , ..▒▒..▒▒...........
░.... ░ ,
,................... ▒▒..
,▒▒.▒................ .▒▒..
▒.▒..▒................,.....
▒▒▒▒▒▒.....................
.▒.▒
..▒........................
▒▒.▒
...............▒...........
▒..▒
...............▒▒@.........
....▒
........▒▒▒▒...)d▒▒..▒▒....
.▒..▒
.........▒▒...▒...▒..▒░ ...
▒...
.............▒▒▒▒<....▒,,..
▒..▒ .............▒ .......,
. ▒.▒▒ .............▒▒
░........,, ....▒
...▒▒▒........▒ ▒......▒
..... .▒...▒........▒,
,...... ...
...▒........▒..., .▒▒▒▒. .▒▒
...▒...)))▒▒▒..▒▒, ,, .


You could see Edmund.


Message History

You feel drained.
You hit Edmund but do no damage. You tail-slap Edmund, but do no damage.
Edmund is severely wounded.
Edmund closely misses you.
You closely miss Edmund.
Edmund is severely wounded.
Edmund closely misses you.
You hit Edmund but do no damage. Your punch misses Edmund.
Edmund is severely wounded.
You barely miss Edmund.
Edmund is severely wounded.
Edmund barely misses you.
You hit Edmund.
Edmund is severely wounded.
Edmund hits you with a +3 dire flail of draining!
* * * LOW HITPOINT WARNING * * *
You feel drained.
* * * LOW HITPOINT WARNING * * *
You barely miss Edmund.
Your tail-slap misses Edmund.
Edmund is severely wounded.
Edmund hits you with a +3 dire flail of draining!
* * * LOW HITPOINT WARNING * * *
You feel drained.
* * * LOW HITPOINT WARNING * * *
Edmund attacks as you move away!
Edmund hits you with a +3 dire flail of draining!
You die...

Action                   |  1- 3 |  4- 6 |  7- 9 || total
-------------------------+-------+-------+-------++-------
Melee: Unarmed           |   155 |    79 |   134 ||   368
       Tailslap          |    10 |    11 |    15 ||    36
       Punch             |     1 |     4 |     9 ||    14
Throw: Javelin           |       |     6 |       ||     6
Invok: Curse Item        |       |     2 |     1 ||     3
 Abil: Breathe Acid      |       |       |     1 ||     1
 Stab: Sleeping          |     1 |     3 |     2 ||     6
Armor: Skin              |    60 |    14 |    48 ||   122
Dodge: Dodged            |    96 |    35 |    88 ||   219

Levels and vault maps discovered:
D:1:      dpeg_arrival_court, layout_loops_ring, shapermc_ecumenical_altar_gd,
          minmay_tromino_i4
D:2:      layout_rooms, chequers_serial_rivers_room_b
D:3:      layout_basic, lemuel_tele_altar, kennysheep_another_room
D:4:      gammafunk_wand_slinger, layout_rooms, elyvilon_altar_4,
          gammafunk_ghost_nasty_kobolds, uniq_grinder
D:5:      layout_cave_pools, temple_hall, gup_sewer_entry_glass, uniq_edmund

Notes
Turn   | Place    | Note
-------+----------+-------------------------------------------
     0 | D:1      | sanka the Draconian Monk began the quest for the Orb.
     0 | D:1      | Reached XP level 1. HP: 19/19 MP: 1/1
   100 | D:1      | Reached XP level 2. HP: 19/26 MP: 2/2
   357 | D:1      | Found a faded altar of an unknown god.
   430 | D:1      | Reached skill level 4 in Unarmed Combat
   841 | D:1      | Reached XP level 3. HP: 31/31 MP: 3/3
  1441 | D:2      | Reached XP level 4. HP: 38/38 MP: 4/4
  1657 | D:3      | Found a broken altar of Ashenzari.
  1675 | D:3      | Reached skill level 5 in Unarmed Combat
  1705 | D:3      | Became a worshipper of Ashenzari the Shackled
  1950 | D:3      | Reached * piety under Ashenzari
  1950 | D:3      | Identified 2 potions of resistance
  2342 | D:4      | Noticed Grinder
  2349 | D:4      | Paralysed by Grinder for 4 turns
  2356 | D:4      | Killed Grinder
  2357 | D:4      | Reached skill level 6 in Unarmed Combat
  2357 | D:4      | Reached XP level 5. HP: 45/45 MP: 5/5
  2357 | D:4      | Reached XP level 6. HP: 51/51 MP: 6/6
  2379 | D:4      | Found a white marble altar of Elyvilon.
  2471 | D:4      | Identified the +2 dagger of Watchfulness {elec, Fly rPois
                  | rF+}
  2493 | D:4      | Reached skill level 7 in Unarmed Combat
  2665 | D:4      | Found a transporter.
  2692 | D:4      | Found a transporter.
  2973 | D:4      | Found a runed translucent gate.
  2973 | D:4      | Found a runed translucent gate.
  2973 | D:4      | Found a runed translucent gate.
  2975 | D:4      | Noticed AmberJosephineLiu's ghost (amateur MeFE)
  3117 | D:5      | Entered Level 5 of the Dungeon
  3270 | D:5      | Reached skill level 8 in Unarmed Combat
  3270 | D:5      | Your scales start taking on a golden yellow colour.
  3270 | D:5      | Reached XP level 7. HP: 52/57 MP: 7/7
  3270 | D:5      | Gained mutation: You are resistant to acid. (rCorr) [Yellow
                  | Draconian growth]
  3330 | D:5      | Found a glowing drain.
  3354 | Sewer    | Entered a sewer
  3953 | D:5      | Reached ** piety under Ashenzari
  3998 | D:5      | Reached skill level 1 in Transmutations
  4034 | D:5      | Reached skill level 3 in Dodging
  4155 | D:5      | Reached skill level 1 in Spellcasting
  4155 | D:5      | Reached skill level 2 in Transmutations
  4155 | D:5      | Found a staircase to the Ecumenical Temple.
  4213 | D:5      | Noticed Edmund
  4231 | D:5      | Slain by Edmund

Vanquished Creatures
  Grinder (D:4)
  An ice beast (D:5)
  An ogre (D:4)
  A centaur (D:5)
  2 scorpions (D:5)
  A howler monkey (D:4)
  A jelly (D:4)
  3 hounds (D:5)
  An orc priest (D:5)
  An iguana (D:4)
  An orc wizard (D:5)
  4 adders
  4 river rats (Sewer)
  4 dart slugs
  8 orcs
  8 ball pythons
  3 bats
  4 endoplasms
  7 giant cockroaches
  9 goblins
  5 hobgoblins
  3 jackals (D:4)
  A quokka (D:4)
  13 frilled lizards
  8 kobolds
  7 rats
102 creatures vanquished.

Vanquished Creatures (others)
  A fungus (D:1)
  A plant (D:1)
2 creatures vanquished.

Grand Total: 104 creatures vanquished
